 Dungeon Crawl Stone Soup version 0.31.0-10-gcf4a605ca0 (webtiles) character file.

Game seed: 2315420982589243005

296707 Goncyn the Hoplite (level 20, -32/178 HPs)
             Began as a Minotaur Berserker on Jan 24, 2024.
             Was a High Priest of Trog.
             Killed from afar by a hellephant (52 damage)
             ... with a blast of flame
             ... on level 2 of the Abyss on Jan 25, 2024.
             The game lasted 05:39:45 (44097 turns).

Goncyn the Hoplite (Minotaur Berserker)            Turns: 44097, Time: 05:39:46

Health: -32/178    AC: 37    Str: 34    XL:     20   Next: 8%
Magic:  0/17       EV: 17    Int:  6    God:    Trog [*****.]
Gold:   1296       SH: 20    Dex: 17    Spells: 19/19 levels left

rFire   . . .        a - +6 broad axe of the Skies Above {heavy, rN+ Str+2 Dex+4}
rCold   . . .        k - +4 kite shield {AC+3}
rNeg    + . .        F - +3 storm dragon scales
rPois   +            (helmet restricted)
rElec   +            Z - +2 cloak of the Thief {*Fog Slay-2 SInv Stlth+}
rCorr   .            H - +2 pair of gloves {Stlth+}
SInv    +            w - +2 pair of boots {rampage}
Will    +....        g - amulet of guardian spirit
Stlth   +            y - +6 ring of strength
HPRegen 0.00/turn    r - ring of poison resistance
MPRegen 0.15/turn

%: guardian spirit, rampage
@: about to teleport, on berserk cooldown, sick, slowed, studying Axes, very
slow
A: horns 2, retaliatory headbutt, frail 1, low MP 1
}: 2/15 runes: decaying, serpentine
a: Renounce Religion, Berserk, Trog's Hand, Brothers in Arms


You were on level 2 of the Abyss.
You worshipped Trog.
Trog was extremely pleased with you.
You visited 6 branches of the dungeon, and saw 33 of its levels.
You visited the Abyss 2 times.
You also visited: Ice Cave.

You collected 3548 gold pieces.
You spent 2252 gold pieces at shops.

Inventory:

Hand Weapons
 a - the +6 broad axe of the Skies Above (weapon) {heavy, rN+ Str+2 Dex+4}
   (Trog gifted it to you on level 2 of the Orcish Mines)

   Str+2:     It affects your strength (+2).
   Dex+4:     It affects your dexterity (+4).
   rN+:       It protects you from negative energy.
 b - the +4 flail of Dullness {vamp, rN+ Int+4}
   (You found it on level 12 of the Dungeon)

   Int+4:     It affects your intelligence (+4).
   rN+:       It protects you from negative energy.
 h - the +8 broad axe of Miojeowk {heavy, rElec rN+}
   (You acquired it on level 1 of the Elven Halls)

   rElec:     It insulates you from electricity.
   rN+:       It protects you from negative energy.
Missiles
 n - 3 boomerangs (quivered)
 p - 43 poisoned darts
 t - 12 atropa-tipped darts
 E - a throwing net
 T - 14 javelins
Armour
 k - a +4 kite shield of protection (worn)
 w - a +2 pair of boots of rampaging (worn)
 F - +3 storm dragon scales (worn)
 H - a +2 pair of gloves of stealth (worn)
 I - a +0 tower shield
 Z - the +2 cloak of the Thief (worn) {*Fog Slay-2 SInv Stlth+}
   (You acquired it on level 4 of the Lair of Beasts)

   *Fog:      It may release a thick cloud of smoke when the wearer is hurt.
   Slay-2:    It affects your accuracy & damage with ranged weapons and melee
   (-2).
   SInv:      It lets you see invisible.
   Stlth+:    It makes you more stealthy.
Jewellery
 c - the ring of Dim Light {Str+3 Dex+3 Slay+4}
   (You took it off a deep elf annihilator on level 3 of the Elven Halls)

   [ring of slaying]

   Str+3:     It affects your strength (+3).
   Dex+3:     It affects your dexterity (+3).
   Slay+4:    It affects your accuracy & damage with ranged weapons and melee
   (+4).
 g - an amulet of guardian spirit (around neck)
 r - a ring of poison resistance (right hand)
 y - a +6 ring of strength (left hand)
 D - a ring of positive energy
 M - a ring of protection from fire
 P - the ring "Kil Onaw" {*Corrode rC+ rN+ Int+4}
   (You took it off a deep elf annihilator on level 2 of the Elven Halls)

   [ring of protection from cold]

   Int+4:     It affects your intelligence (+4).
   rC+:       It protects you from cold.
   rN+:       It protects you from negative energy.
   *Corrode:  It may corrode you when you take damage.
 Q - a +4 ring of protection
 S - a ring of magical power
 V - a ring of fire
Wands
 e - a wand of flame (10)
 l - a wand of light (32)
 A - a wand of polymorph (8)
 J - a wand of roots (10)
 K - a wand of paralysis (32)
 X - a wand of digging (22)
Scrolls
 f - 5 scrolls of silence
 i - 3 scrolls of fog
 j - 9 scrolls of revelation
 m - 12 scrolls of teleportation
 o - a scroll of poison
 v - 4 scrolls of brand weapon
 G - 5 scrolls of fear
 L - 2 scrolls of identify
 N - 4 scrolls of enchant weapon
 O - a scroll of butterflies
 R - a scroll of blinking
Potions
 d - 9 potions of enlightenment
 q - a potion of cancellation
 s - 2 potions of resistance
 B - 4 potions of ambrosia
 C - 4 potions of might
 U - a potion of heal wounds
Miscellaneous
 u - a phantom mirror
 x - a condenser vane
 z - a phial of floods
 Y - a box of beasts


   Skills:
 * Level 21.1 Fighting
 - Level 18.0 Axes
 - Level 12.0 Throwing
 * Level 20.8 Armour
 + Level 14.1 Dodging
 * Level 21.9 Shields
 - Level 7.0 Evocations


You had 19 spell levels left.
You didn't know any spells.
Your spell library was empty.

Dungeon Overview and Level Annotations

Branches:
Dungeon (15/15)            Temple (0/1) D:7            Lair (5/5) D:9
  Swamp (4/4) Lair:2        Snake (4/4) Lair:3        Slime (0/5) Lair:4
    Orc (2/2) D:11            Elf (3/3) Orc:2        Vaults (0/5) D:14
 Depths (0/4) D:15          IceCv (visited)

Altars:
Fedhas
Hepliaklqana
Qazlal
Ru
Vehumet
Xom
Yredelemnul
Jiyva

Shops:
D:2 *   D:6 :   D:15 *   Orc:1 *   Orc:2 ([:!   Snake:3 [

Portals:
Trove: Elf:2 (give +4 fire dragon scales)

Annotations:
D:11 centaur island thing, exclusion: 3 centaurs
Snake:2 3 runed translucent doors, exclusion: 3 doors, Gygal Fez's ghost, adept MiFi; Moaxytid's ghost, journeyman DsGl; Ovesh's ghost, journeyman OpSh; Tuffe's ghost, adept FoFi; dialectric's ghost, adept MiFi


Innate Abilities, Weirdness & Mutations

You have a pair of horns on your head.
You reflexively headbutt those who attack you in melee.
You are frail. (-10% HP)
Your magical capacity is low. (-10% MP)


Message History

Blink to where?
Press: ? - help, Dir - move target
As you read the scroll of blinking, it crumbles to dust.
The tentacled starspawn completely misses you.
The tentacled starspawn closely misses you.
As you read the scroll of teleportation, it crumbles to dust.
You feel strangely unstable.
You feel the power of the Abyss delaying your translocation!
You block the tentacled starspawn's attack. x2
The hellephant blinks!
Tentacles burst from the starspawn's body! 2 starspawn tentacles come into view.
Okay, then.
Okay, then.
You feel much better. You block the hellephant's attack.
The hellephant bites you but does no damage.
The hellephant gores you.
* * * LOW HITPOINT WARNING * * *
You block the tentacled starspawn's attack. x2
Unknown command.
You hit the hellephant but do no damage.
You headbutt the hellephant!
The hellephant is heavily wounded.
You carve the tentacled starspawn like a ham!!!
The hellephant tramples you but does no damage.
The hellephant bites you but does no damage.
You block the hellephant's attack.
The tentacled starspawn bites you but does no damage.
The tentacled starspawn tentacle-slaps you but does no damage.
You block the hellephant's attack. The hellephant bites you!
* * * LOW HITPOINT WARNING * * *
The hellephant barely misses you. The tentacled starspawn bites you.
* * * LOW HITPOINT WARNING * * *
You block the tentacled starspawn's attack.
The hellephant attacks as it pursues you!
You block the hellephant's attack. The hellephant completely misses you.
The hellephant gores you but does no damage.
The hellephant breathes flames at you. The blast of flame hits you!!!
You die...

≈≈≈≈ ≈ ≈≈≈#≈ ≈
≈≈≈ ≈. #§. ...
####§## #..
..#§§## .#
##§#§#§§.#
§##Y§##§§## #.
..§§@#§w#...#
. .
..§###§##.####
### ## . §...
......§. .
#.### ##. .# .
........ ...#
.# .# ... .#
.. #... . # #


You could see a hellephant (catching breath).

Vanquished Creatures
  Nikola (Swamp:4)
  A pearl dragon (Abyss:2)
  A bone dragon (Swamp:4)
  3 deep elf blademasters
  A deep elf master archer (Elf:3)
  4 sphinxes
  2 Executioners (Abyss:2)
  Agnes (Snake:4)
  A thorn hunter (Swamp:2)
  3 tentacled starspawn (Abyss:2)
  A storm dragon (D:13)
  Kirke (Elf:1)
  6 nagarajas
  Donald (Elf:1)
  Louise (Swamp:1)
  5 deep elf sorcerers
  An orc warlord (Orc:1)
  2 reapers (IceCv)
  A very ugly thing (IceCv)
  13 deep elf annihilators
  3 deep elf death magi (Elf:3)
  2 bunyips (Swamp:2)
  2 eleionomae
  8 deep elf demonologists
  Snorg (Lair:5)
  An eidolon (Abyss:2)
  An ettin (Orc:2)
  The ghost of monsoonserge the Grappler, a journeyman TrBe of Trog (D:11)
  A shambling mangrove (Swamp:3)
  A great orb of eyes (D:13)
  A jiangshi (Abyss:2)
  4 deep elf high priests (Elf:3)
  3 fire dragons
  8 vault guards (D:14)
  A rakshasa (D:15)
  A salamander tyrant (Snake:4)
  15 hydras
  11 alligators
  An ogre mage (D:15)
  15 anacondas
  4 caustic shrike simulacra (IceCv)
  10 centaur warriors
  9 two-headed ogres
  2 boulder beetles
  6 ghost crabs
  27 dancing weapons
  14 naga warriors
  2 sun demons (Abyss:2)
  A vampire mage (Abyss:2)
  3 thrashing horrors (Abyss:2)
  9 naga sharpshooters
  2 shock serpents
  Sonja (D:13)
  17 deep elf knights
  2 orc high priests (Orc:2)
  Nergalle (Orc:1)
  A wretched star (Abyss:2)
  A shadow wraith (Abyss:2)
  A skyshark (Lair:3)
  5 goliath frogs
  4 large abominations (Abyss:2)
  A deep troll (shapeshifter) (D:15)
  A salamander mystic (Snake:3)
  3 death drakes (Swamp:2)
  5 spriggan druids
  A spectral alligator (Swamp:4)
  7 naga ritualists
  7 swamp dragons
  A lindwurm (Lair:5)
  9 bog bodies
  12 mana vipers
  4 deep elf archers
  2 spriggan simulacra (IceCv)
  3 spectral hydras (Swamp:4)
  23 deep elf pyromancers
  2 obsidian statues (IceCv)
  An orc knight (Orc:2)
  17 deep elf zephyrmancers
  2 harpies (Elf:3)
  2 phantasmal warriors
  A necromancer (D:15)
  7 ugly things
  3 will-o-the-wisps
  6 orc sorcerers
  11 manticores
  10 cyclopes
  9 salamanders
  Joseph (D:7)
  An apocalypse crab (Abyss:2)
  4 kobold blastminers
  A meliai (D:13)
  6 guardian serpents
  A worldbinder (Abyss:2)
  8 elephants
  45 black mambas
  11 naga magi
  A smoke demon (Abyss:2)
  3 torpor snails
  A centaur zombie (D:15)
  2 molten gargoyles (Lair:5)
  10 cane toads
  2 gargoyles
  A centaur skeleton (D:15)
  A kobold demonologist (D:12)
  3 unseen horrors
  3 swamp worm zombies (Swamp:4)
  11 freezing wraiths
  A yaktaur (D:15)
  5 rime drakes
  2 efreet
  22 komodo dragons
  The ghost of browni3141 the Ruffian, an amateur TrEn of Ru (D:6)
  2 golden dragon simulacra (IceCv)
  A tengu conjurer (D:15)
  5 hydra zombies (Swamp:4)
  2 ancient zymes (Abyss:2)
  5 polar bears
  6 trolls
  A troll (shapeshifter) (D:13)
  3 bloated husks
  A queen bee (Lair:1)
  5 raiju (Abyss:2)
  5 hornets
  A harpy skeleton (Abyss:2)
  A dream sheep (Lair:2)
  3 spectral swamp dragons (Swamp:4)
  5 blink frogs
  11 tyrant leeches
  Prince Ribbit (D:8)
  Sigmund (D:3)
  26 slime creatures
  2 air elementals
  2 centaur simulacra
  2 shadows
  4 vampires
  2 spriggans (Swamp:4)
  15 wyverns
  59 yaks
  4 water elementals
  2 starcursed masses (Abyss:2)
  2 hogs (Elf:1)
  A fire bat (Abyss:2)
  8 basilisks
  3 fire elementals
  4 tyrant leech zombies (Swamp:4)
  2 steam dragons (Lair:5)
  2 wargs
  2 neqoxecs (Abyss:2)
  20 vampire mosquitoes
  A redback (D:13)
  6 swamp worms
  34 nagas
  2 hydra simulacra (IceCv)
  10 hell hounds
  An acid dragon (D:11)
  13 water moccasins
  38 orc warriors
  5 swamp drakes
  2 ice beasts
  A meliai simulacrum (D:14)
  2 swamp dragon zombies (Swamp:4)
  3 black bears
  8 ogres
  13 centaurs
  4 ettin simulacra (IceCv)
  9 wolves
  10 phantoms
  3 weeping skulls (Abyss:2)
  12 bullfrogs
  5 kobold brigands
  2 brain worms (Abyss:2)
  11 scorpions
  An earth elemental (Elf:1)
  A gnoll sergeant (D:7)
  8 small abominations (Abyss:2)
  A troll zombie (D:11)
  23 killer bees
  2 bullfrog zombies (D:6)
  4 lava snakes (Lair:5)
  6 hounds
  3 jellies
  A quasit (Abyss:2)
  17 orc priests
  A gnoll bouda (D:7)
  2 sleepcaps (D:7)
  5 iguanas
  Jessica (D:3)
  31 orc wizards
  A hell rat (Elf:3)
  5 ogre zombies (D:11)
  7 adders
  10 gnolls
  An ufetubus (Abyss:2)
  103 orcs
  8 endoplasms
  5 giant cockroaches
  A gnoll zombie (D:11)
  2 goblins (D:4)
  A hobgoblin (D:4)
  11 jackals
  26 kobolds
  4 quokkas
  4 ball pythons
  3 bats
  4 frilled lizards
  A gnoll skeleton (D:11)
  3 orc skeletons (D:11)
  14 orc zombies (D:11)
  4 rats (D:3)
  A butterfly (D:10)
  4 starspawn tentacles (Abyss:2)
1296 creatures vanquished.

Vanquished Creatures (collateral kills)
  Vashnia (Snake:4)
  Jorgrun (Orc:1)
  An alligator (Swamp:4)
  A spriggan (Swamp:4)
  A naga sharpshooter (Snake:4)
  A death drake (Swamp:4)
  A cane toad (Lair:5)
  A hornet (Swamp:4)
  A naga (Snake:4)
  3 centaurs (D:15)
  An orc (Orc:1)
13 creatures vanquished.

Vanquished Creatures (others)
  A deep elf knight (Elf:1)
  A spriggan druid (Swamp:4)
  A deep elf pyromancer (Elf:1)
  5 bloated husks
  2 spectral swamp dragons (Swamp:4)
  A human (Elf:1)
  An orc warrior (Orc:2)
  A phantom (Swamp:4)
  An orc wizard (Orc:2)
  An orc (Orc:2)
  6 foxfires (Swamp:1)
  28 starspawn tentacles (Abyss:2)
49 creatures vanquished.

Grand Total: 1358 creatures vanquished

Notes
Turn   | Place    | Note
-------+----------+-------------------------------------------
     0 | D:1      | Goncyn the Minotaur Berserker began the quest for the Orb.
     0 | D:1      | Reached XP level 1. HP: 19/19 MP: 0/0
   339 | D:1      | Reached XP level 2. HP: 3/27 MP: 1/1
   896 | D:2      | Reached XP level 3. HP: 32/33 MP: 2/2
   935 | D:2      | Found Udetenwo's General Store.
   943 | D:2      | Bought a potion of cancellation for 96 gold pieces
   971 | D:2      | Found a faded altar of an unknown god.
  1448 | D:3      | HP: 2/48 [iguana (7)]
  1453 | D:3      | Reached XP level 4. HP: 2/41 MP: 3/3
  1615 | D:3      | Noticed Sigmund
  1625 | D:3      | Killed Sigmund
  1626 | D:3      | Reached skill level 5 in Fighting
  1626 | D:3      | Reached skill level 5 in Axes
  1626 | D:3      | Reached skill level 1 in Throwing
  1626 | D:3      | Reached XP level 5. HP: 48/48 MP: 4/4
  1850 | D:3      | Noticed Jessica
  1879 | D:3      | Reached XP level 6. HP: 56/56 MP: 5/5
  1900 | D:3      | Killed Jessica
  1960 | D:3      | Reached ** piety under Trog
  2238 | D:4      | Found a radiant altar of Vehumet.
  2238 | D:4      | Noticed an ice beast
  2245 | D:4      | Killed an ice beast
  2436 | D:4      | Reached skill level 5 in Armour
  2436 | D:4      | Reached XP level 7. HP: 35/62 MP: 6/6
  2948 | D:5      | Entered Level 5 of the Dungeon
  3396 | D:5      | Reached XP level 8. HP: 70/71 MP: 7/7
  3431 | D:5      | Found a sacrificial altar of Ru.
  3648 | D:6      | Killed an unseen horror
  3997 | D:6      | Found a runed translucent gate.
  3997 | D:6      | Found a runed translucent gate.
  3997 | D:6      | Found a runed translucent gate.
  3997 | D:6      | Noticed browni3141's ghost (amateur TrEn)
  3999 | D:6      | Found a basalt altar of Yredelemnul.
  4051 | D:6      | Killed browni3141's ghost
  4270 | D:6      | Reached skill level 5 in Dodging
  4350 | D:6      | Found Qumeacen's Book Emporium.
  4365 | D:6      | Reached XP level 9. HP: 81/81 MP: 8/8
  4448 | D:6      | Reached *** piety under Trog
  4765 | D:7      | Noticed Joseph
  4788 | D:7      | Killed Joseph
  4876 | D:7      | Found a staircase to the Ecumenical Temple.
  5878 | D:8      | Reached skill level 1 in Shields
  6199 | D:8      | Found a hazy altar of Hepliaklqana.
  6199 | D:8      | Found a blossoming altar of Fedhas.
  6231 | D:8      | Noticed Prince Ribbit
  6263 | D:8      | Killed Prince Ribbit
  6429 | D:8      | Reached **** piety under Trog
  6551 | D:8      | Reached XP level 10. HP: 70/91 MP: 9/9
  6959 | D:9      | Reached skill level 5 in Throwing
  7319 | D:9      | Reached skill level 10 in Fighting
  7320 | D:9      | Reached skill level 10 in Axes
  7643 | D:9      | Reached skill level 5 in Shields
  7909 | D:9      | Reached skill level 10 in Armour
  8111 | D:9      | Found a staircase to the Lair.
  8164 | D:9      | Reached XP level 11. HP: 101/101 MP: 10/10
  8472 | D:10     | Entered Level 10 of the Dungeon
  8510 | D:10     | Found a runed translucent door.
  8516 | D:10     | Found a runed translucent door.
  9771 | D:11     | Reached ***** piety under Trog
  9779 | D:11     | Found a staircase to the Orcish Mines.
 10437 | D:11     | Found a runed translucent gate.
 10438 | D:11     | Found a runed translucent gate.
 10439 | D:11     | Found a runed translucent gate.
 10441 | D:11     | Noticed monsoonserge's ghost (journeyman TrBe)
 11270 | D:11     | Upgraded the game from 0.31.0-7-gf635a9b802 to
                  | 0.31.0-9-g3a7656b989
 11731 | Lair:1   | Entered Level 1 of the Lair of Beasts
 11821 | Lair:1   | Received a gift from Trog
 11907 | Lair:1   | Reached XP level 12. HP: 104/111 MP: 3/11
 14623 | Lair:2   | Found a staircase to the Swamp.
 15177 | Lair:3   | Reached XP level 13. HP: 118/119 MP: 2/12
 15204 | Lair:3   | Found a staircase to the Snake Pit.
 15604 | Lair:3   | Reached skill level 10 in Shields
 16299 | Lair:4   | Identified 2 scrolls of acquirement
 16300 | Lair:4   | Acquired the +2 cloak of the Thief {*Fog Slay-2 SInv
                  | Stlth+}
 16300 | Lair:4   | Found the +2 cloak of the Thief {*Fog Slay-2 SInv Stlth+}
 16312 | Lair:4   | Acquired a manual of Shields
 16530 | Lair:4   | Found a viscous altar of Jiyva.
 16530 | Lair:4   | Found a staircase to the Slime Pits.
 16870 | Lair:5   | Entered Level 5 of the Lair of Beasts
 17615 | Lair:5   | Found a large runed translucent door.
 17616 | Lair:5   | Found a large runed translucent door.
 17843 | Lair:5   | Noticed a fire dragon
 18001 | Lair:5   | Killed a fire dragon
 18045 | Lair:5   | Identified the +6 scale mail of Shielding {rC- Int+3 SInv}
 18384 | Lair:5   | Reached XP level 14. HP: 128/132 MP: 4/13
 18627 | Lair:5   | Noticed Snorg
 18641 | Lair:5   | Killed Snorg
 19247 | D:12     | Reached skill level 1 in Evocations
 19703 | D:12     | Reached ****** piety under Trog
 19840 | D:12     | Received a gift from Trog
 19943 | D:12     | Identified the +4 flail of Dullness {vamp, rN+ Int+4}
 20390 | Orc:1    | Entered Level 1 of the Orcish Mines
 20663 | Orc:1    | Found Gutob's Assorted Antiques.
 20726 | Orc:2    | Entered Level 2 of the Orcish Mines
 20762 | Orc:1    | Noticed Jorgrun
 20782 | Orc:1    | Killed Jorgrun
 21312 | Orc:2    | Noticed an orc warlord
 21459 | Orc:1    | Killed an orc warlord
 21531 | Orc:2    | Identified the +6 broad axe of the Skies Above {heavy, rN+
                  | Str+2 Dex+4} (Trog gifted it to you on level 2 of the
                  | Orcish Mines)
 21531 | Orc:2    | Received a gift from Trog
 22005 | Orc:1    | Noticed Nergalle
 22014 | Orc:1    | Killed Nergalle
 22214 | Orc:2    | Found Inuympun's Book Boutique.
 22235 | Orc:2    | Found a staircase to the Elven Halls.
 22344 | Orc:2    | Received a gift from Trog
 22350 | Orc:2    | Found Cigg's Distillery.
 22355 | Orc:2    | Bought a potion of haste for 130 gold pieces
 22355 | Orc:2    | Bought a potion of berserk rage for 65 gold pieces
 22626 | Orc:2    | Found Usuan's Antique Weapon Shoppe.
 22631 | Orc:2    | Found Onij's Antique Armour Emporium.
 22636 | Orc:2    | Bought a pair of embroidered boots for 300 gold pieces
 23082 | D:6      | Bought a manual of Axes for 1200 gold pieces
 23257 | D:13     | Reached skill level 15 in Axes
 23305 | D:13     | Reached skill level 15 in Fighting
 23443 | D:13     | Found a runed translucent door.
 23448 | D:13     | Noticed a storm dragon
 23619 | D:13     | Found a runed translucent door.
 23624 | D:13     | Found a runed translucent door.
 23732 | D:13     | Reached skill level 10 in Dodging
 23736 | D:13     | Reached XP level 15. HP: 81/141 MP: 8/14
 24347 | D:13     | Noticed Sonja
 24358 | D:13     | Killed Sonja
 24437 | D:13     | Reached skill level 15 in Armour
 24624 | D:13     | Killed a storm dragon
 24632 | D:13     | Reached skill level 15 in Shields
 24734 | D:14     | Received a gift from Trog
 24743 | D:14     | Found a gate to the Vaults.
 25644 | D:15     | Entered Level 15 of the Dungeon
 25942 | D:15     | Found a staircase to the Depths.
 26258 | D:15     | Reached XP level 16. HP: 78/151 MP: 9/15
 26508 | D:15     | Identified the +0 cloak of the Other Side {rC+}
 26555 | D:15     | Found Tacoen's General Store.
 26559 | D:15     | Bought 4 boomerangs for 96 gold pieces
 26940 | Snake:1  | Entered Level 1 of the Snake Pit
 27019 | Snake:1  | Identified the +9 lajatang "Gunt" {antimagic, rC+ Str+3}
                  | (Trog gifted it to you on level 1 of the Snake Pit)
 27019 | Snake:1  | Received a gift from Trog
 28170 | Snake:2  | Found a shimmering altar of Xom.
 28292 | Snake:2  | Reached skill level 10 in Throwing
 28526 | Snake:2  | Found a runed translucent gate.
 28527 | Snake:2  | Found a runed translucent gate.
 28527 | Snake:2  | Found a runed translucent gate.
 28528 | Snake:2  | Noticed Ovesh's ghost (journeyman OpSh)
 28528 | Snake:2  | Noticed Tuffe's ghost (adept FoFi)
 28529 | Snake:2  | Noticed dialectric's ghost (adept MiFi)
 28529 | Snake:2  | Noticed Gygal Fez's ghost (adept MiFi)
 28529 | Snake:2  | Noticed Moaxytid's ghost (journeyman DsGl)
 29011 | Snake:3  | Received a gift from Trog
 29160 | Snake:3  | Found Zed Kipt's Armour Boutique.
 29176 | Snake:3  | Bought a +2 pair of gloves of stealth for 365 gold pieces
 30228 | Snake:4  | Entered Level 4 of the Snake Pit
 30305 | Snake:4  | Noticed Agnes
 30317 | Snake:4  | Killed Agnes
 30394 | Snake:4  | Found a stormy altar of Qazlal.
 30841 | Snake:4  | Found a glacial archway.
 30858 | IceCv    | Entered an ice cave
 30865 | IceCv    | Reached XP level 17. HP: 128/161 MP: 16/16
 30952 | IceCv    | Reached skill level 5 in Evocations
 30971 | IceCv    | Received a gift from Trog
 32371 | Snake:4  | Received a gift from Trog
 33032 | Snake:4  | Noticed Vashnia
 33058 | Snake:4  | Killed Vashnia
 33149 | Snake:4  | Got a serpentine rune of Zot
 33422 | Swamp:1  | Entered Level 1 of the Swamp
 33422 | Swamp:1  | Noticed Louise
 33432 | Swamp:1  | Found the +8 autumn katana {manifold assault}
 33532 | Swamp:1  | Killed Louise
 35208 | Swamp:3  | Reached XP level 18. HP: 162/173 MP: 15/17
 35241 | Swamp:3  | Identified the +7 demon trident of Linearity {flame, rElec
                  | rF+} (Trog gifted it to you on level 3 of the Swamp)
 35241 | Swamp:3  | Received a gift from Trog
 35315 | Swamp:3  | Identified the +5 quarterstaff "Coiwu" {freeze, rC++
                  | Will+++ Dex-2}
 35970 | Swamp:4  | Entered Level 4 of the Swamp
 36898 | Swamp:4  | Noticed Nikola
 36914 | Swamp:4  | Killed Nikola
 36914 | Swamp:4  | Noticed a bone dragon
 36922 | Swamp:4  | Killed a bone dragon
 36924 | Swamp:4  | Received a gift from Trog
 37067 | Swamp:4  | Got a decaying rune of Zot
 37201 | Swamp:4  | Identified the +1 cloak of Lilyirod {Str+3 Dex+3}
 37891 | D:11     | Killed monsoonserge's ghost
 38058 | Elf:1    | Entered Level 1 of the Elven Halls
 38069 | Elf:1    | Paralysed by an air elemental for 1 turns
 38263 | Elf:1    | Noticed Donald
 38277 | Elf:1    | Killed Donald
 38510 | Elf:1    | Received a gift from Trog
 38563 | Elf:1    | Acquired the +8 broad axe of Miojeowk {heavy, rElec rN+}
 38801 | Elf:1    | Noticed Kirke
 38813 | Elf:1    | Killed Kirke
 39776 | Elf:2    | Received a gift from Trog
 39777 | Elf:2    | Reached XP level 19. HP: 168/181 MP: 15/18
 39783 | Elf:2    | Found a runed translucent gate.
 39783 | Elf:2    | Found a runed translucent gate.
 39785 | Elf:2    | Found a runed translucent gate.
 40071 | Elf:2    | Found a portal to a secret trove of treasure.
 41027 | Elf:3    | Entered Level 3 of the Elven Halls
 41041 | Elf:3    | Identified the +4 kite shield "Akhetacre" {rN+}
 41511 | Elf:3    | Noticed a Brimstone Fiend
 41747 | Elf:3    | Received a gift from Trog
 42288 | Abyss:2  | Cast into level 2 of the Abyss (a deep elf demonologist)
 42337 | Abyss:2  | Found a corrupted altar of Lugonu.
 42397 | Abyss:2  | Gained mutation: You are frail. (-10% HP) [a neqoxec]
 42443 | Abyss:2  | Found a corrupted altar of Lugonu.
 42468 | Abyss:2  | Found a corrupted altar of Lugonu.
 42468 | Abyss:2  | Found a corrupted altar of Lugonu.
 42468 | Abyss:2  | Found a corrupted altar of Lugonu.
 42618 | Abyss:2  | Gained mutation: Your magical capacity is very low. (-20%
                  | MP) [a neqoxec]
 42685 | Abyss:2  | Received a gift from Trog
 42752 | Elf:3    | Escaped the Abyss
 42896 | Elf:3    | Identified the +10 short sword of Cuisaus {freeze, rCorr
                  | Dex+3}
 42927 | Elf:3    | Identified the +5 acid dragon scales "Fopyrrod" {+Blink rF+
                  | rN++ rCorr Int-2}
 42927 | Elf:3    | Identified the ring of Dim Light {Str+3 Dex+3 Slay+4}
 43268 | Elf:3    | Identified the ring "Kil Onaw" {*Corrode rC+ rN+ Int+4}
 43639 | Elf:2    | Upgraded the game from 0.31.0-9-g3a7656b989 to
                  | 0.31.0-10-gcf4a605ca0
 43645 | Elf:3    | Noticed a Tzitzimitl
 43779 | Elf:3    | Reached XP level 20. HP: 178/178 MP: 17/17
 43843 | Abyss:2  | Cast into level 2 of the Abyss (a deep elf sorcerer)
 43866 | Abyss:2  | Found a corrupted altar of Lugonu.
 43870 | Abyss:2  | Found a corrupted altar of Lugonu.
 43952 | Abyss:2  | Found a corrupted altar of Lugonu.
 44068 | Abyss:2  | Noticed a pearl dragon
 44088 | Abyss:2  | Killed a pearl dragon
 44097 | Abyss:2  | Killed from afar by a hellephant

Illustrated notes

Levels and vault maps discovered:
D:1:      nzn_arrival_water_spiral, layout_loops_ring, minmay_unequal
D:2:      layout_loops_ring, ebering_ecumenical_altar_petrified, serial_shops,
          shop
D:3:      layout_rooms, grunt_decor_resistance, kennysheep_big_empty_room,
          uniq_sigmund, uniq_jessica
D:4:      layout_rooms, mainiacjoe_overflow_alcove_4, kennysheep_another_room
D:5:      layout_cave_pools, kennysheep_mini, kennysheep_generic_room_14
D:6:      layout_basic, nicolae_yredelemnul_ghost_church, serial_shops, shop
D:7:      layout_gridville, minmay_temple_entry_antechambers, uniq_joseph
D:8:      layout_gridville, gammafunk_temple_overflow_statue,
          kennysheep_generic_room_11, uniq_prince_ribbit1
D:9:      layout_gridville, erik_lair_dragon, st_stairs_12
D:10:     lemuel_insect_pit, layout_irregular_city
D:11:     layout_layer_cave, zombieorc1_lemuel, gammafunk_ghost_spectres,
          centaur_isle
D:12:     layout_cave_pools
D:13:     minmay_the_grid_triangle_9x9_rhombus_full_mashed
          [minmay_the_grid_triangle_9x9_empty,
          minmay_the_grid_triangle_9x9_sprig,
          minmay_the_grid_triangle_9x9_fully_insulated_deathbox,
          minmay_the_grid_triangle_9x9_intruding_spiral,
          minmay_the_grid_triangle_9x9_minimal,
          minmay_the_grid_triangle_9x9_steps,
          minmay_the_grid_triangle_9x9_windchime,
          minmay_the_grid_triangle_9x9_prize_schism], layout_stronghold,
          uniq_sonja
D:14:     layout_basic, erik_vaults_2, dk_noncrumbling_4,
          onia_ninara_dug_in_and_dangerous
D:15:     grunt_enter_depths_magical_seal, layout_rooms, serial_shops, shop,
          dreamdust_mushroom_princess
Lair:1:   layout_misc_corridors, special_room [special_room_bee]
Lair:2:   nzn_winding_woodlands_stair_cross [nzn_winding_woodlands_5x15_eye,
          nzn_winding_woodlands_center_lodge, nzn_winding_woodlands_5x15_parted,
          nzn_winding_woodlands_5x5_closed_star,
          nzn_winding_woodlands_5x5_three,
          nzn_winding_woodlands_5x15_pathside_ponds,
          nzn_winding_woodlands_center_diamonds,
          nzn_winding_woodlands_5x15_concentric], layout_regular_city,
          mainiacjoe_swamp_entry_angry_trees, beast_lair_carwin_11
Lair:3:   layout_chaotic_city, dummy_snake_entry, grunt_megastairs_1,
          serial_bayou_shore_b
Lair:4:   layout_long_grid, dpeg_slime_entry_enclosed, infiniplex_staircase_pool
Lair:5:   cheibrodos_lair_end_hotspot, layout_big_grid, minivault_11, uniq_snorg
Swamp:1:  layout_basic_swamp, nicolae_swamp_decorative_isthmus, uniq_louise
Swamp:2:  layout_falls_marsh, hangedman_swamp_ruin_wall, swamp_pool_1_2,
          nicolae_swamp_drake_lake
Swamp:3:  layout_falls_marsh, evilmike_swamp_ruin_house_2
Swamp:4:  swamp_pestilence, layout_basic_swamp, nicolae_swamp_tree_isthmus,
          uniq_nikola
Snake:1:  layout_gridlike, grunt_ministairs_3
Snake:2:  layout_basic, gammafunk_ghost_cemetery, basic_altar
Snake:3:  layout_grid_maze, grunt_ministairs_10, drop_trap,
          minmay_shop_grid_forest, serial_library_hellmonk_double_dead_end
Snake:4:  grunt_snake_rune_serpentine_throne, layout_chambers,
          portal_ice_cave_entry_frozen_things, basic_altar, drop_trap,
          serial_bayou_shore_b, uniq_vashnia, uniq_agnes
Orc:1:    layout_diamond_mine, serial_shops,
          nicolae_shop_temple_entry_statues_fountains, uniq_jorgrun,
          uniq_nergalle
Orc:2:    grunt_orc_community_town_hall, layout_diamond_mine,
          grunt_orc_community_big_house_2, grunt_orc_community_big_house_2,
          grunt_orc_community_house_1, grunt_orc_community_house_2,
          grunt_orc_community_house_3, grunt_orc_community_house_2,
          grunt_orc_community_house_3
Elf:1:    layout_loops_ring, hangedman_corner_corridor, st_stairs_11,
          uniq_donald, uniq_kirke
Elf:2:    nicolae_elf_blades_splatter_lattice [mumra_blade_entry_bloodbath],
          layout_onion_city, nicolae_trove_entry_columns, lemuel_flamethrower_1
Elf:3:    grunt_elf_hall_diamonds, layout_geoelf_diagonals, special_room
          [special_room_mythical_zoo], ebering_ghost_reflecting_pool,
          minivault_13
Abyss:2:  base: D:6, guppyfry_abyss_exit_imp_island, evilmike_abyss_exit_5,
          hangedman_elemental_corridor, evilmike_abyss_exit_mutagenic,
          evilmike_abyss_exit_13, evilmike_abyss_exit_12, base: D:1,
          minivault_25

Skill      XL: |  1  2  3  4  5  6  7  8  9 10 11 12 13 14 15 16 17 18 19 |
---------------+----------------------------------------------------------+-----
Fighting       | 4 5 6 7 9 10 11 12 14 15 16 17 18 19 21 | 21.1
Axes           | 4 5 6 7 9 10 11 13 14 15 17 18 | 18.0
Armour         | 3 4 5 6 7 8 10 11 12 13 14 15 17 18 19 20 | 20.8
Throwing       | 1 2 3 4 5 6 7 8 9 10 11 12 | 12.0
Dodging        | 3 4 5 6 7 8 9 10 11 12 13 14 | 14.1
Shields        | 2 5 7 9 12 14 16 18 19 20 21 | 21.9
Evocations     | 3 4 6 7 |  7.0

Action                     |  1- 3 |  4- 6 |  7- 9 | 10-12 | 13-15 | 16-18 | 19-21 || total
---------------------------+-------+-------+-------+-------+-------+-------+-------++-------
  Melee: Hand axe          |    72 |    47 |       |       |       |       |       ||   119
         Headbutt          |     8 |    16 |    44 |   168 |   220 |   225 |    72 ||   753
         Punch             |     1 |       |     2 |       |       |       |       ||     3
         War axe           |       |    21 |   281 |   683 |   406 |       |       ||  1391
         Spear             |       |       |       |       |     5 |       |       ||     5
         Broad axe         |       |       |       |       |   521 |   963 |   393 ||  1877
         Flail             |       |       |       |       |    24 |    57 |    11 ||    92
  Throw: Boomerang         |     6 |     6 |    11 |    53 |    56 |   171 |    20 ||   323
         Dart              |       |       |     6 |    17 |    74 |    14 |       ||   111
         Javelin           |       |       |       |     3 |    28 |       |     8 ||    39
         Throwing net      |       |       |       |       |       |       |     2 ||     2
 Invoke: Berserk           |     2 |     3 |     3 |     7 |    10 |     9 |     7 ||    41
         Trog's Hand       |       |       |       |       |     5 |     6 |     8 ||    19
         Brothers in Arms  |       |       |       |       |     1 |       |       ||     1
  Evoke: Wand              |       |       |     2 |     3 |     1 |       |     4 ||    10
         Box of beasts     |       |       |       |       |     3 |     3 |     1 ||     7
         Condenser vane    |       |       |       |       |     1 |     2 |     1 ||     4
         Phantom mirror    |       |       |       |       |       |     2 |       ||     2
         Phial of floods   |       |       |       |       |       |     1 |       ||     1
    Use: Scroll            |     2 |       |     8 |     5 |    12 |    14 |     3 ||    44
         Potion            |       |       |       |     2 |     5 |     9 |     4 ||    20
   Stab: Invisible         |       |       |       |     6 |     2 |       |       ||     8
         Distracted        |       |       |       |       |     1 |     2 |       ||     3
         Confused          |       |       |       |       |     1 |       |       ||     1
 Armour: Animal skin       |    34 |     3 |       |       |       |       |       ||    37
         Chain mail        |       |    38 |   105 |       |       |       |       ||   143
         Plate armour      |       |       |   125 |   398 |   539 |       |       ||  1062
         Storm dragon scal |       |       |       |       |   139 |   592 |   309 ||  1040
  Dodge: Dodged            |    31 |    27 |   108 |   198 |   381 |   356 |   169 ||  1270
  Block: Kite shield       |       |       |    32 |   285 |   688 |   268 |   425 ||  1698
         Buckler           |       |       |     3 |       |       |       |       ||     3
         Tower shield      |       |       |       |       |       |   805 |       ||   805
